 Dungeon Crawl Stone Soup version 0.26-a0-835-g8259106e14 (webtiles) character file.

Game seed: 1121577696059499641

43 pablito the Insei (level 3, -1/24 HPs)
             Began as an Octopode Transmuter on Nov 17, 2020.
             Slain by an ooze (2 damage)
             ... on level 2 of the Dungeon.
             The game lasted 00:05:01 (1216 turns).

pablito the Insei (Octopode Transmuter)             Turns: 1216, Time: 00:05:01

Health: -1/24      AC:  1    Str:  6 (9)  XL:     3   Next: 58%
Magic:  6/6        EV: 13    Int: 13 (15) God:
Gold:   23         SH:  0    Dex: 12 (13) Spells: 2/6 levels left

rFire    . . .     SeeInvis .     - Unarmed
rCold    . . .     Faith    .   (no shield)
rNeg     + . .     Spirit   .   (helmet restricted)
rPois    .         Reflect  .   (no amulet)
rElec    .         Harm     .   b - ring of positive energy
rCorr    .         Rampage  .   (no ring)
MR       .....                  (no ring)
Stlth    +++.......             (no ring)
HPRegen  0.08/turn              (no ring)
MPRegen  0.10/turn              (no ring)
                                (no ring)
                                (no ring)

@: lethally poisoned (-1 -> -5), berserk cooldown, flying, slowed, very slow
A: almost no armour, stealthy swim, amphibious, 8 rings, constrict 8, camouflage
1, gelatinous body 1
a: no special abilities


You were on level 2 of the Dungeon.
You visited 1 branch of the dungeon, and saw 2 of its levels.

You collected 23 gold pieces.

Inventory:

Hand Weapons
 c - a +0 hunting sling
Jewellery
 b - a ring of positive energy (left tentacle)
Scrolls
 h - a scroll of teleportation {unknown}
Potions
 e - a potion of cancellation


   Skills:
 + Level 1.7 Fighting
 + Level 2.3 Dodging
 + Level 1.1 Stealth
 * Level 3.5 Unarmed Combat
 - Level 2.1 Spellcasting
 + Level 2.3 Transmutations


You had 2 spell levels left.
You knew the following spells:

 Your Spells              Type           Power        Failure   Level
a - Beastly Appendage     Tmut           #.....       10%         1
b - Spider Form           Tmut/Pois      #.........   43%         3

Your spell library contained the following spells:

 Spells                   Type           Power        Failure   Level
 Wereblood                Tmut           #.......     14%         2
 Ice Form                 Ice/Tmut       #.......     83%         4
 Blade Hands              Tmut           #.........   95%         5


Dungeon Overview and Level Annotations

Branches:
Dungeon (2/15)

Altars:
Okawaru


Innate Abilities, Weirdness & Mutations

You cannot wear most types of armour.
You are very stealthy in the water. (Stealth+)
You are amphibious.
You can wear up to eight rings at the same time.
You can use your tentacles to constrict eight enemies at once.
Your skin changes colour to match your surroundings (Stealth+).
Your rubbery body absorbs attacks. (AC +1, EV +1)


Message History

The ooze is lightly wounded.
The ooze hits you.
* * * LOW HITPOINT WARNING * * *
It was a potion of degeneration.
There was something very wrong with that liquid.
You feel weakened.
You feel dopey.
You feel clumsy.
* * * LOW HITPOINT WARNING * * *
You feel sick. The ooze hits you.
* * * LOW HITPOINT WARNING * * *
The ooze closely misses you.
It was a potion of flight.
You feel very buoyant.
You fly up into the air.
* * * LOW HITPOINT WARNING * * *
You feel sick. The ooze barely misses you.
Unknown command.
You tentacle-slap the ooze but do no damage.
The ooze is lightly wounded.
The ooze hits you.
You die...

###########... #. ##..
#.# ### ###.# # ...# #
#..######### #
#..........# #
.#####..#######.###### #
.......J@†...........####
........#######.####.....
$.....†.# #.# ####.#
........# #.# #.#
........# ##.## #.#
........# ##...## #.#
.######.# #.....#####.#
#.# #...........# #.#
#.....#######


You could see an ooze.

Vanquished Creatures
  An adder (D:2)
  2 worms (D:2)
  A dart slug (D:1)
  2 bats (D:1)
  9 goblins (D:1)
  2 hobgoblins
  3 frilled lizards
  2 kobolds
  5 rats (D:1)
27 creatures vanquished.

Notes
Turn   | Place    | Note
-------+----------+-------------------------------------------
     0 | D:1      | pablito the Octopode Transmuter began the quest for the
                  | Orb.
     0 | D:1      | Reached XP level 1. HP: 13/13 MP: 3/3
   192 | D:1      | Reached XP level 2. HP: 9/18 MP: 3/5
   761 | D:1      | Reached XP level 3. HP: 23/23 MP: 6/6
   765 | D:1      | Learned a level 3 spell: Spider Form
   964 | D:2      | Found an iron altar of Okawaru.
  1207 | D:2      | Reached skill level 1 in Stealth
  1215 | D:2      | HP: 1/24 [poisoned by an adder]
  1216 | D:2      | Slain by an ooze

Illustrated notes

Levels and vault maps discovered:
D:1:      tarquinn_simple_flora_water_f, layout_loops_ring
D:2:      layout_loops_ring, okawaru_metal_pillars_1_2

Skill      XL: |  1  2  3 |
---------------+----------+-----
Stealth        | 1 |  1.1
Fighting       | |  1.7
Dodging        | |  2.3
Unarmed Combat | |  3.5
Spellcasting   | |  2.1
Transmutations | |  2.3

Action                   || total
-------------------------++-------
Melee: Unarmed           ||    64
       Constrict         ||    17
       Kick              ||    12
       Tentacles         ||     7
       Punch             ||     2
 Cast: Beastly Appendage ||     8
  Use: Potion            ||     5
 Stab: Sleeping          ||     2
Armor: Skin              ||     5
Dodge: Dodged            ||    32

Table legend: (Time is in decaauts)
 A = Elapsed time spent in this place.
 B = Non-inter-level travel time spent in this place.
 C = Inter-level travel time spent in this place.
 D = Time resting spent in this place.
 E = Time spent auto-exploring this place.
 F = Levels seen in this place.
 G = Mean time per level.
                   A        B        C        D        E       F      G
               +--------+--------+--------+--------+--------+-----+--------+
         Total |   1211 |   1200 |     11 |    175 |    823 |   2 |  605.5 |
       Dungeon |   1211 |   1200 |     11 |    175 |    823 |   2 |  605.5 |
               +--------+--------+--------+--------+--------+-----+--------+

Top non-repeatable levels by time:
     D:1: 961 daAuts
     D:2: 250 daAuts
